Eagles vs Wolfpack
(R1)
Created - January 29, 2022 at 23:59
Goals
|
| Eagles |
1 |
0 |
3 |
4 |
| Wolfpack |
2 |
2 |
3 |
7 |
|
Shots
|
| Eagles |
11 |
8 |
15 |
34 |
| Wolfpack |
13 |
6 |
14 |
33 |
|
1st period
1. Eagles , Joseph Blandisi 8 (Jared McCann 6) at 7:38
2. Wolfpack , Dave Dziurzynski 11 (Stefan Noesen 29, Vince Dunn 10) at 11:49
3. Wolfpack , Sebastian Collberg 9 (Ryan Dzingel 13) at 12:03
Penalties :
Jarred Tinordi (Col) for Hooking (Minor) at 2:48, Henrik Samuelsson (Har) for Tripping (Minor) at 15:03, Stefan Noesen (Har) for Roughing (Minor) at 19:22
2nd period
4. Wolfpack , Seth Griffith 5 (David Pope 3) at 2:41
5. Wolfpack , Mikhail Sergachev 1 (Connor Chatam 5, Mike Condon) at 18:03 (PP)
Penalties :
Steven Santini (Har) for Hooking (Minor) at 5:24, Jonathan Racine (Col) for Roughing (Double Minor) at 14:49
3rd period
6. Eagles , Dmitrij Jaskin 15 (Stefan Elliott 16, Daniel Carr 19) at 1:11 (PP)
7. Wolfpack , Ryan Culkin 1 (Maxime Sauvé 22) at 2:07 (SH)
8. Eagles , Joseph Blandisi 9 (Nick Cousins 1, Jarred Tinordi 1) at 2:47 (PP)
9. Wolfpack , Dave Dziurzynski 12 (Stefan Noesen 30, Maxime Sauvé 23) at 2:59
10. Wolfpack , Seth Griffith 6 (Ryan Culkin 3) at 4:45
11. Eagles , Jared McCann 2 (John Ramage 7, Ryan Murphy 3) at 13:47
Penalties :
Steven Santini (Har) for Holding (Minor) at 0:57, Steven Santini (Har) for Slashing (Minor) at 2:02, Jonathan Marchessault (Col) for Holding (Minor) at 4:48, Steven Santini (Har) for Hooking (Minor) at 6:25, Drake Caggiula (Col) for Hooking (Minor) at 7:30, Samuel Blais (Har) for High sticking (Minor) at 11:12
Goalie Stats
Antoine Bibeau (Col), 13 saves from 16 shots - (0.813), L, 3-3-0, 21:57 minutes
Marek Mazanek (Col), 13 saves from 17 shots - (0.765), 38:03 minutes
Mike Condon (Har), 30 saves from 34 shots - (0.882), W, 6-3-0, 60:00 minutes
Players Stats for Eagles
Player Name G A P +/- PIM S H SB GA TA FO MP PP MP PK MP
------------------------------------------------------------------------------------
Anthony Duclair 0 0 0 -2 0 2 0 1 1 0 0/0 11:48 0:01 2:16
Chris Calhan 0 0 0 1 0 1 0 0 0 0 0/0 7:19 0:15 0:00
Connor Carrick 0 0 0 -1 0 0 1 0 0 0 0/0 8:09 0:00 0:21
Daniel Carr 0 1 1 -3 0 0 3 1 2 0 5/11 23:31 5:12 3:50
Dmitrij Jaskin 1 0 1 -3 0 5 0 1 1 2 0/0 20:30 4:54 1:49
Drake Caggiula 0 0 0 0 2 1 3 0 0 0 2/14 16:00 4:02 0:43
Jared McCann 1 1 2 1 0 2 0 0 0 0 2/5 7:04 0:00 0:00
Jarred Tinordi 0 1 1 -4 2 1 2 2 2 1 0/0 27:18 6:31 3:11
John Ramage 0 1 1 1 0 2 2 2 0 2 0/0 19:14 3:07 3:21
Jonathan Marchessault 0 0 0 -3 2 2 0 0 0 0 22/36 22:14 5:12 2:56
Jonathan Racine 0 0 0 0 4 0 0 0 0 0 0/0 4:16 0:00 0:00
Joseph Blandisi 2 0 2 0 0 5 0 0 0 0 0/0 15:38 4:10 0:22
Keaton Middleton 0 0 0 0 0 0 0 0 0 0 0/0 0:00 0:00 0:00
Mark Friedman 0 0 0 0 0 0 0 0 0 0 0/0 4:17 0:00 0:00
Matteson Iacopelli 0 0 0 -2 0 0 0 1 0 0 0/0 9:21 0:00 0:00
Max Lajoie 0 0 0 0 0 0 0 0 0 0 0/0 1:13 0:00 1:13
Michael Dal Colle 0 0 0 1 0 1 1 0 0 0 0/0 7:04 0:00 0:00
Nick Cousins 0 1 1 0 0 4 0 0 0 0 0/0 17:17 4:03 1:49
Pius Suter 0 0 0 0 0 0 0 0 0 0 0/0 2:13 0:00 2:05
Ryan Murphy 0 1 1 1 0 2 0 1 1 1 0/0 19:14 3:07 3:21
Sam Steel 0 0 0 0 0 0 0 0 0 0 0/0 0:23 0:23 0:00
Stefan Elliott 0 1 1 -4 0 4 6 0 2 1 0/0 28:30 6:31 4:23
Tyler Motte 0 0 0 0 0 0 0 0 0 0 0/0 1:03 0:41 0:00
Xavier Ouellet 0 0 0 -1 0 0 1 1 0 0 0/0 7:48 0:00 0:00
Zach Aston-Reese 0 0 0 -2 0 2 0 0 1 0 2/4 9:21 0:00 0:00
Players Stats for Wolfpack
Player Name G A P +/- PIM S H SB GA TA FO MP PP MP PK MP
------------------------------------------------------------------------------------
Adam Lowry 0 0 0 0 0 0 1 0 0 0 0/0 3:03 0:00 2:29
Alex Barre-Boulet 0 0 0 0 0 0 0 0 0 0 0/0 0:00 0:00 0:00
Alexander Barabanov 0 0 0 0 0 0 0 0 0 0 0/0 1:17 0:17 0:00
Andrew Peeke 0 0 0 0 0 0 0 0 0 0 0/0 4:28 0:00 0:00
Colton White 0 0 0 -1 0 1 0 2 0 1 0/0 10:34 1:05 0:50
Connor Chatam 0 1 1 0 0 0 2 0 0 0 0/1 10:25 0:17 0:00
Dave Dziurzynski 2 0 2 3 0 4 1 1 0 0 2/5 22:13 3:13 5:39
David Pope 0 1 1 0 0 1 2 0 0 0 0/0 11:32 0:00 1:18
Dryden Hunt 0 0 0 0 0 0 0 0 0 0 0/0 0:17 0:17 0:00
Henrik Samuelsson 0 0 0 1 2 6 2 1 2 0 9/14 19:50 4:25 2:06
Jake Marchment 0 0 0 0 0 0 0 0 0 0 0/0 0:00 0:00 0:00
Joel Kiviranta 0 0 0 0 0 0 0 0 0 0 0/0 0:00 0:00 0:00
Joshua Jacobs 0 0 0 -1 0 0 0 2 0 1 0/0 8:52 0:00 1:36
Kevin Roy 0 0 0 0 0 0 0 0 0 1 2/3 5:32 0:00 0:00
Maxime Sauvé 0 2 2 3 0 2 1 0 0 0 18/37 26:49 3:13 5:40
Mikhail Sergachev 1 0 1 3 0 2 0 0 0 1 0/0 19:29 3:10 3:13
Ryan Culkin 1 1 2 3 0 1 0 0 0 1 0/0 19:29 3:10 3:13
Ryan Dzingel 0 1 1 1 0 4 1 0 2 1 1/1 15:46 3:20 0:00
Samuel Blais 0 0 0 0 2 1 0 0 0 0 0/0 5:34 0:00 0:00
Sebastian Collberg 1 0 1 1 0 3 0 0 1 0 1/1 15:46 3:20 0:00
Seth Griffith 2 0 2 0 0 4 1 0 1 0 3/6 10:08 0:00 0:00
Stefan Noesen 0 2 2 2 2 3 3 1 0 2 1/2 19:36 4:18 2:04
Steven Santini 0 0 0 2 8 1 1 0 0 0 0/0 24:57 4:44 3:52
Vince Dunn 0 1 1 2 0 0 0 2 1 1 0/0 28:25 4:45 6:03
Will Borgen 0 0 0 0 0 0 0 1 0 1 0/0 4:57 0:00 0:29
3 Stars
1 - Dave Dziurzynski (Har)
2 - Ryan Culkin (Har)
3 - Seth Griffith (Har)
Power Play
Eagles - 2 on 7 Attempt(s) - 28.57%
Wolfpack - 1 on 5 Attempt(s) - 20.00%
Penalty Kill
Eagles - 4 on 5 Attempt(s) - 80.00%
- Score 0 goal in Penalty Kill
Wolfpack - 5 on 7 Attempt(s) - 71.43%
- Score 1 goal in Penalty Kill
Team Stat
Eagles - Hits : 19 - Faceoff Wins : 33 - Blocked Shots : 10 - Penalty Minutes : 10
Wolfpack - Hits : 15 - Faceoff Wins : 37 - Blocked Shots : 10 - Penalty Minutes : 14
Official
Referees : Pierre Lambert and Corey Syvret
Linesman : Travis Toomey and James Tobias
Game Notes
Antoine Bibeau enters game at 18:03 of 2nd period
2:59 of 3rd period - Wolfpack goal is going for a video replay. After video review, Goal.
Finance
Level 1 -- Attendance: 1850 (92.50%) -- Ticket Income $64,750
Level 2 -- Attendance: 988 (98.80%) -- Ticket Income $14,820
Total Attendance: 2838 (94.60%)
Total Ticket Income: $79,570
Other Income: $3,978
Total Income: $83,548
Eagles
5 vs 5 Forward
Center Left Wing Right Wing Time % Phy DF OF
1 Jonathan Marchessault Daniel Carr Dmitrij Jaskin 40 1 2 2
2 Drake Caggiula Joseph Blandisi Nick Cousins 30 1 2 2
3 Zach Aston-Reese Anthony Duclair Matteson Iacopelli 20 1 2 2
4 Jared McCann Michael Dal Colle Chris Calhan 10 1 2 2
5 vs 5 Defense
Defense Defense Time % Phy DF OF
1 Jarred Tinordi Stefan Elliott 40 1 2 2
2 John Ramage Ryan Murphy 30 1 2 2
3 Connor Carrick Xavier Ouellet 20 1 2 2
4 Jonathan Racine Mark Friedman 10 1 2 2
PowerPlay Forward
Center Left Wing Right Wing Time % Phy DF OF
1 Jonathan Marchessault Daniel Carr Dmitrij Jaskin 60 1 2 2
2 Drake Caggiula Joseph Blandisi Nick Cousins 40 1 2 2
PowerPlay Defense
Defense Defense Time % Phy DF OF
1 Jarred Tinordi Stefan Elliott 60 1 2 2
2 John Ramage Ryan Murphy 40 1 2 2
Penalty Kill 4 Players Forward
Center Wing Time % Phy DF OF
1 Daniel Carr Jonathan Marchessault 60 1 2 2
2 Dmitrij Jaskin Nick Cousins 40 1 2 2
Penalty Kill 4 Players Defense
Defense Defense Time % Phy DF OF
1 Jarred Tinordi Stefan Elliott 60 1 2 2
2 John Ramage Ryan Murphy 40 1 2 2
Penalty Kill - 3 Players Forward
Forward Time % Phy DF OF
1 Daniel Carr 60 1 2 2
2 Jonathan Marchessault 40 1 2 2
Penalty Kill - 3 Players Defense
Defense Defense Time % Phy DF OF
1 Jarred Tinordi Stefan Elliott 60 1 2 2
2 John Ramage Ryan Murphy 40 1 2 2
4 vs 4 Forward
Center Wing Time % Phy DF OF
1 Daniel Carr Jonathan Marchessault 60 1 2 2
2 Dmitrij Jaskin Nick Cousins 40 1 2 2
4 vs 4 Defense
Defense Defense Time % Phy DF OF
1 Jarred Tinordi Stefan Elliott 60 1 2 2
2 John Ramage Ryan Murphy 40 1 2 2
Last Minutes Offensive
Center Left Wing Right Wing Defense Defense
Jonathan Marchessault Daniel Carr Dmitrij Jaskin Jarred Tinordi Stefan Elliott
Last Minutes Defensive
Center Left Wing Right Wing Defense Defense
Jonathan Marchessault Daniel Carr Dmitrij Jaskin Jarred Tinordi Stefan Elliott
Goaltenders
Starting : Marek Mazanek
Backup : Antoine Bibeau
Extra Forwards
Normal : Tyler Motte, Sam Steel, Pius Suter - PP : Tyler Motte, Sam Steel - PK : Pius Suter
Extra Defensemen
Normal : Keaton Middleton, Max Lajoie, Connor Carrick - PP : Keaton Middleton - PK : Max Lajoie, Connor Carrick
Penalty Shots
Daniel Carr, Jonathan Marchessault, Dmitrij Jaskin, Nick Cousins, Drake Caggiula
Scratches
Dominik Kubalik (Healthy), Tomas Tatar (Torn Left MCL Injury), Pascal Laberge (Healthy), Adin Hill (Healthy)
Wolfpack
5 vs 5 Forward
Center Left Wing Right Wing Time % Phy DF OF
1 Maxime Sauvé Dave Dziurzynski Stefan Noesen 40 1 2 2
2 Henrik Samuelsson Ryan Dzingel Sebastian Collberg 30 1 2 2
3 Seth Griffith David Pope Connor Chatam 20 1 2 2
4 Kevin Roy Samuel Blais Maxime Sauvé 10 1 2 2
5 vs 5 Defense
Defense Defense Time % Phy DF OF
1 Vince Dunn Steven Santini 40 1 2 2
2 Mikhail Sergachev Ryan Culkin 30 1 2 2
3 Colton White Joshua Jacobs 20 1 2 2
4 Will Borgen Andrew Peeke 10 1 2 2
PowerPlay Forward
Center Left Wing Right Wing Time % Phy DF OF
1 Maxime Sauvé Dave Dziurzynski Stefan Noesen 60 1 2 2
2 Henrik Samuelsson Ryan Dzingel Sebastian Collberg 40 1 2 2
PowerPlay Defense
Defense Defense Time % Phy DF OF
1 Vince Dunn Steven Santini 60 1 2 2
2 Mikhail Sergachev Ryan Culkin 40 1 2 2
Penalty Kill 4 Players Forward
Center Wing Time % Phy DF OF
1 Maxime Sauvé Dave Dziurzynski 60 1 2 2
2 Stefan Noesen Henrik Samuelsson 40 1 2 2
Penalty Kill 4 Players Defense
Defense Defense Time % Phy DF OF
1 Vince Dunn Steven Santini 60 1 2 2
2 Mikhail Sergachev Ryan Culkin 40 1 2 2
Penalty Kill - 3 Players Forward
Forward Time % Phy DF OF
1 Maxime Sauvé 60 1 2 2
2 Dave Dziurzynski 40 1 2 2
Penalty Kill - 3 Players Defense
Defense Defense Time % Phy DF OF
1 Vince Dunn Steven Santini 60 1 2 2
2 Mikhail Sergachev Ryan Culkin 40 1 2 2
4 vs 4 Forward
Center Wing Time % Phy DF OF
1 Maxime Sauvé Dave Dziurzynski 60 1 2 2
2 Stefan Noesen Henrik Samuelsson 40 1 2 2
4 vs 4 Defense
Defense Defense Time % Phy DF OF
1 Vince Dunn Steven Santini 60 1 2 2
2 Mikhail Sergachev Ryan Culkin 40 1 2 2
Last Minutes Offensive
Center Left Wing Right Wing Defense Defense
Maxime Sauvé Dave Dziurzynski Stefan Noesen Vince Dunn Steven Santini
Last Minutes Defensive
Center Left Wing Right Wing Defense Defense
Maxime Sauvé Dave Dziurzynski Stefan Noesen Vince Dunn Steven Santini
Goaltenders
Starting : Mike Condon
Backup : Samuel Montembeault
Extra Forwards
Normal : Alexander Barabanov, Dryden Hunt, Adam Lowry - PP : Alexander Barabanov, Dryden Hunt - PK : Adam Lowry
Extra Defensemen
Normal : Colton White, Joshua Jacobs, Will Borgen - PP : Colton White - PK : Joshua Jacobs, Will Borgen
Penalty Shots
Maxime Sauvé, Dave Dziurzynski, Stefan Noesen, Henrik Samuelsson, Ryan Dzingel
Scratches
Derrick Pouliot (Suspend), Jacob Middleton (Healthy), Keegan Kolesar (Healthy), Mikhail Vorobyev (Healthy), Dante Fabbro (Healthy)
Jeffrey Viel (Healthy), Yegor Korshkov (Healthy), Jake Paterson (Healthy)
% Time on Ice - Eagles
Lines # - Real PCT - Wanted PCT - Time Play
Normal Forward
1 - 33% - 40% - 13:38
2 - 27% - 30% - 11:08
3 - 23% - 20% - 9:21
4 - 17% - 10% - 7:04
Normal Defense
1 - 41% - 40% - 16:42
2 - 30% - 30% - 12:24
3 - 19% - 20% - 7:48
4 - 10% - 10% - 4:17
PP Forward
1 - 57% - 60% - 5:27
2 - 43% - 40% - 4:11
PP Defense
1 - 68% - 60% - 6:31
2 - 32% - 40% - 3:07
PK Forward
1 - 77% - 60% - 6:06
2 - 23% - 40% - 1:49
PK Defense
1 - 58% - 60% - 4:34
2 - 42% - 40% - 3:21
PK3 Forward
1 - 0% - 60%
2 - 0% - 40%
PK3 Defense
1 - 0% - 60%
2 - 0% - 40%
44 Forward
1 - 78% - 60% - 0:59
2 - 22% - 40% - 0:17
44 Defense
1 - 71% - 60% - 0:54
2 - 29% - 40% - 0:22
Last Minute Offensive - 0:00
Last Minute Defensive - 0:00
Total
Forward - 60:00
Defense - 60:00
|
% Time on Ice - Wolfpack
Lines # - Real PCT - Wanted PCT - Time Play
Normal Forward
1 - 30% - 40% - 12:27
2 - 32% - 30% - 13:04
3 - 25% - 20% - 10:08
4 - 13% - 10% - 5:32
Normal Defense
1 - 40% - 40% - 16:24
2 - 32% - 30% - 13:06
3 - 18% - 20% - 7:13
4 - 11% - 10% - 4:28
PP Forward
1 - 44% - 60% - 3:30
2 - 56% - 40% - 4:25
PP Defense
1 - 60% - 60% - 4:45
2 - 40% - 40% - 3:10
PK Forward
1 - 72% - 60% - 6:56
2 - 28% - 40% - 2:42
PK Defense
1 - 67% - 60% - 6:25
2 - 33% - 40% - 3:13
PK3 Forward
1 - 0% - 60%
2 - 0% - 40%
PK3 Defense
1 - 0% - 60%
2 - 0% - 40%
44 Forward
1 - 79% - 60% - 1:00
2 - 21% - 40% - 0:16
44 Defense
1 - 100% - 60% - 1:16
2 - 0% - 40% - 0:00
Last Minute Offensive - 0:00
Last Minute Defensive - 0:00
Total
Forward - 60:00
Defense - 60:00
|
Play-by-Play
1st period
0:01 of 1st period - Jonathan Marchessault wins face-off versus Maxime Sauvé in neutral zone.
0:06 of 1st period - Wrist shot by Jonathan Marchessault.
0:06 of 1st period - Shot Hit the Post.
0:08 of 1st period - Backhand shot by Stefan Elliott.
0:08 of 1st period - Stopped by Mike Condon with a rebound.
0:10 of 1st period - Slapshot by Stefan Elliott.
0:10 of 1st period - Stopped by Mike Condon without a rebound.
0:11 of 1st period - Henrik Samuelsson wins face-off versus Drake Caggiula in Wolfpack zone.
0:18 of 1st period - Snap shot by Henrik Samuelsson.
0:18 of 1st period - Stopped by Marek Mazanek with a rebound.
0:20 of 1st period - Snap shot by Ryan Dzingel.
0:20 of 1st period - Shot Misses the Net.
0:22 of 1st period - Snap shot by Henrik Samuelsson.
0:22 of 1st period - Shot Misses the Net.
0:26 of 1st period - Snap shot by Ryan Dzingel.
0:26 of 1st period - Stopped by Marek Mazanek without a rebound.
0:27 of 1st period - Zach Aston-Reese wins face-off versus Seth Griffith in Eagles zone.
0:27 of 1st period - Zach Aston-Reese is hit by Connor Chatam.
0:38 of 1st period - Off-side.
0:39 of 1st period - Maxime Sauvé wins face-off versus Jonathan Marchessault in neutral zone.
0:48 of 1st period - Wrist shot by Stefan Noesen.
0:48 of 1st period - Stopped by Marek Mazanek with a rebound.
1:11 of 1st period - Wrist shot by Michael Dal Colle.
1:11 of 1st period - Stopped by Mike Condon without a rebound.
1:12 of 1st period - Drake Caggiula wins face-off versus Seth Griffith in Wolfpack zone.
2:25 of 1st period - Snap shot by Jared McCann.
2:25 of 1st period - Stopped by Mike Condon without a rebound.
2:26 of 1st period - Seth Griffith wins face-off versus Drake Caggiula in Wolfpack zone.
2:26 of 1st period - Seth Griffith is hit by Drake Caggiula.
2:48 of 1st period - Minor Penalty to Jarred Tinordi for Hooking.
2:49 of 1st period - Maxime Sauvé wins face-off versus Daniel Carr in Eagles zone.
3:22 of 1st period - Slapshot by Henrik Samuelsson.
3:22 of 1st period - Stopped by Marek Mazanek with a rebound.
4:48 of 1st period - Penalty to Jarred Tinordi is over, Jarred Tinordi is back on ice.
6:04 of 1st period - Slapshot by Jonathan Marchessault.
6:04 of 1st period - Shot Blocked by Will Borgen.
6:52 of 1st period - Snap shot by Daniel Carr.
6:52 of 1st period - Shot Blocked by Dave Dziurzynski.
6:54 of 1st period - Snap shot by Jonathan Marchessault.
6:54 of 1st period - Stopped by Mike Condon with a rebound.
7:14 of 1st period - Snap shot by Samuel Blais.
7:14 of 1st period - Stopped by Marek Mazanek with a rebound.
7:38 of 1st period - Slapshot by Joseph Blandisi.
7:38 of 1st period - Goal by Joseph Blandisi - Eagles : 1 - Wolfpack : 0.
7:39 of 1st period - Jonathan Marchessault wins face-off versus Maxime Sauvé in neutral zone.
8:42 of 1st period - Vince Dunn is hit by Stefan Elliott and loses puck.
9:05 of 1st period - Snap shot by Samuel Blais.
9:05 of 1st period - Shot Blocked by Jarred Tinordi.
9:12 of 1st period - Icing by Stefan Elliott.
9:13 of 1st period - Jonathan Marchessault wins face-off versus Henrik Samuelsson in Eagles zone.
9:20 of 1st period - Snap shot by Ryan Dzingel.
9:20 of 1st period - Stopped by Marek Mazanek without a rebound.
9:21 of 1st period - Jonathan Marchessault wins face-off versus Maxime Sauvé in Eagles zone.
9:50 of 1st period - Slapshot by Henrik Samuelsson.
9:50 of 1st period - Stopped by Marek Mazanek without a rebound.
9:51 of 1st period - Ryan Dzingel wins face-off versus Jonathan Marchessault in Eagles zone.
10:02 of 1st period - Snap shot by Dmitrij Jaskin.
10:02 of 1st period - Stopped by Mike Condon with a rebound.
11:21 of 1st period - Snap shot by Daniel Carr.
11:21 of 1st period - Shot Hit the Post.
11:49 of 1st period - Wrist shot by Dave Dziurzynski.
11:49 of 1st period - Goal by Dave Dziurzynski - Eagles : 1 - Wolfpack : 1.
11:50 of 1st period - Henrik Samuelsson wins face-off versus Jonathan Marchessault in neutral zone.
11:55 of 1st period - Wrist shot by Henrik Samuelsson.
11:55 of 1st period - Shot Blocked by Dmitrij Jaskin.
12:03 of 1st period - Snap shot by Sebastian Collberg.
12:03 of 1st period - Goal by Sebastian Collberg - Eagles : 1 - Wolfpack : 2.
12:04 of 1st period - Jonathan Marchessault wins face-off versus Maxime Sauvé in neutral zone.
12:19 of 1st period - Backhand shot by Stefan Noesen.
12:19 of 1st period - Shot Misses the Net.
12:40 of 1st period - Drake Caggiula is hit by Ryan Dzingel and loses puck.
12:51 of 1st period - Wrist shot by Anthony Duclair.
12:51 of 1st period - Shot Misses the Net.
12:53 of 1st period - Slapshot by Anthony Duclair.
12:53 of 1st period - Shot Misses the Net.
13:11 of 1st period - Jonathan Marchessault is hit by Stefan Noesen and loses puck.
13:18 of 1st period - Dave Dziurzynski is hit by Xavier Ouellet and loses puck.
13:29 of 1st period - Snap shot by Jared McCann.
13:29 of 1st period - Shot Misses the Net.
13:55 of 1st period - Wrist shot by Joseph Blandisi.
13:55 of 1st period - Stopped by Mike Condon with a rebound.
14:13 of 1st period - Icing by Kevin Roy.
14:14 of 1st period - Jonathan Marchessault wins face-off versus Kevin Roy in Wolfpack zone.
14:33 of 1st period - Icing by Kevin Roy.
14:34 of 1st period - Kevin Roy wins face-off versus Drake Caggiula in Wolfpack zone.
14:40 of 1st period - Off-side.
14:41 of 1st period - Henrik Samuelsson wins face-off versus Drake Caggiula in neutral zone.
14:50 of 1st period - Snap shot by Henrik Samuelsson.
14:50 of 1st period - Stopped by Marek Mazanek with a rebound.
15:03 of 1st period - Minor Penalty to Henrik Samuelsson for Tripping.
15:04 of 1st period - Maxime Sauvé wins face-off versus Jonathan Marchessault in Wolfpack zone.
15:13 of 1st period - Slapshot by Dmitrij Jaskin.
15:13 of 1st period - Stopped by Mike Condon with a rebound.
16:32 of 1st period - Icing by Dmitrij Jaskin.
16:33 of 1st period - Jonathan Marchessault wins face-off versus Stefan Noesen in Eagles zone.
17:03 of 1st period - Penalty to Henrik Samuelsson is over, Henrik Samuelsson is back on ice.
17:26 of 1st period - Snap shot by Stefan Noesen.
17:26 of 1st period - Deflect By Xavier Ouellet.
17:26 of 1st period - Stopped by Marek Mazanek without a rebound.
17:27 of 1st period - Jared McCann wins face-off versus Connor Chatam in Eagles zone.
17:27 of 1st period - Jared McCann is hit by Connor Chatam.
18:12 of 1st period - Off-side.
18:13 of 1st period - Henrik Samuelsson wins face-off versus Drake Caggiula in neutral zone.
18:26 of 1st period - Wrist shot by Nick Cousins.
18:26 of 1st period - Stopped by Mike Condon with a rebound.
18:28 of 1st period - Slapshot by Nick Cousins.
18:28 of 1st period - Shot Blocked by Henrik Samuelsson.
18:38 of 1st period - Dmitrij Jaskin is hit by Stefan Noesen and loses puck.
19:07 of 1st period - Snap shot by David Pope.
19:07 of 1st period - Stopped by Marek Mazanek without a rebound.
19:08 of 1st period - Jonathan Marchessault wins face-off versus Maxime Sauvé in Eagles zone.
19:08 of 1st period - Jonathan Marchessault is hit by Dave Dziurzynski.
19:13 of 1st period - Off-side.
19:14 of 1st period - Jonathan Marchessault wins face-off versus Maxime Sauvé in neutral zone.
19:22 of 1st period - Minor Penalty to Stefan Noesen for Roughing.
19:23 of 1st period - Jonathan Marchessault wins face-off versus Maxime Sauvé in Wolfpack zone.
19:33 of 1st period - Wrist shot by Maxime Sauvé.
19:33 of 1st period - Stopped by Marek Mazanek without a rebound.
19:34 of 1st period - Maxime Sauvé wins face-off versus Jonathan Marchessault in Eagles zone.
19:47 of 1st period - Slapshot by Stefan Elliott.
19:47 of 1st period - Stopped by Mike Condon without a rebound.
19:48 of 1st period - Maxime Sauvé wins face-off versus Jonathan Marchessault in Wolfpack zone.
19:57 of 1st period - Steven Santini is hit by Stefan Elliott and loses puck.
Goals for this period are 1 for Eagles vs 2 for Wolfpack.
Shots for this period are 11 for Eagles vs 13 for Wolfpack.
2nd period
0:01 of 2nd period - Jonathan Marchessault wins face-off versus Maxime Sauvé in neutral zone.
0:26 of 2nd period - Henrik Samuelsson is hit by Drake Caggiula and loses puck.
0:37 of 2nd period - Snap shot by Drake Caggiula.
0:37 of 2nd period - Stopped by Mike Condon with a rebound.
0:39 of 2nd period - Snap shot by Joseph Blandisi.
0:39 of 2nd period - Stopped by Mike Condon without a rebound.
0:40 of 2nd period - Jonathan Marchessault wins face-off versus Maxime Sauvé in Wolfpack zone.
0:55 of 2nd period - Dave Dziurzynski is hit by John Ramage and loses puck.
1:06 of 2nd period - Joseph Blandisi is hit by Henrik Samuelsson and loses puck.
1:17 of 2nd period - Stefan Elliott is hit by Adam Lowry and loses puck.
1:22 of 2nd period - Penalty to Stefan Noesen is over, Stefan Noesen is back on ice.
1:39 of 2nd period - Jarred Tinordi is hit by Seth Griffith and loses puck.
1:45 of 2nd period - Icing by Jarred Tinordi.
1:46 of 2nd period - Zach Aston-Reese wins face-off versus Dave Dziurzynski in Eagles zone.
1:50 of 2nd period - Jarred Tinordi is hit by Stefan Noesen and loses puck.
2:41 of 2nd period - Wrist shot by Seth Griffith.
2:41 of 2nd period - Goal by Seth Griffith - Eagles : 1 - Wolfpack : 3.
2:42 of 2nd period - Jonathan Marchessault wins face-off versus Dave Dziurzynski in neutral zone.
2:45 of 2nd period - Snap shot by Jonathan Marchessault.
2:45 of 2nd period - Shot Misses the Net.
2:47 of 2nd period - Slapshot by John Ramage.
2:47 of 2nd period - Deflect By Mikhail Sergachev.
2:47 of 2nd period - Stopped by Mike Condon without a rebound.
2:48 of 2nd period - Maxime Sauvé wins face-off versus Jonathan Marchessault in Wolfpack zone.
4:38 of 2nd period - Snap shot by Joseph Blandisi.
4:38 of 2nd period - Stopped by Mike Condon with a rebound.
5:21 of 2nd period - Off-side.
5:22 of 2nd period - Kevin Roy wins face-off versus Drake Caggiula in neutral zone.
5:24 of 2nd period - Minor Penalty to Steven Santini for Hooking.
5:25 of 2nd period - Jonathan Marchessault wins face-off versus Maxime Sauvé in Wolfpack zone.
7:13 of 2nd period - David Pope is hit by Stefan Elliott and loses puck.
7:24 of 2nd period - Penalty to Steven Santini is over, Steven Santini is back on ice.
7:51 of 2nd period - Wrist shot by Seth Griffith.
7:51 of 2nd period - Shot Misses the Net.
8:09 of 2nd period - Snap shot by Henrik Samuelsson.
8:09 of 2nd period - Shot Blocked by Xavier Ouellet.
8:11 of 2nd period - Slapshot by Steven Santini.
8:11 of 2nd period - Deflect By Sebastian Collberg.
8:11 of 2nd period - Shot Blocked by Matteson Iacopelli.
8:11 of 2nd period - Puck is out of play.
8:12 of 2nd period - Henrik Samuelsson wins face-off versus Zach Aston-Reese in Eagles zone.
8:25 of 2nd period - Connor Carrick is hit by Henrik Samuelsson and loses puck.
10:32 of 2nd period - Slapshot by Ryan Murphy.
10:32 of 2nd period - Shot Misses the Net.
10:34 of 2nd period - Slapshot by John Ramage.
10:34 of 2nd period - Stopped by Mike Condon without a rebound.
10:35 of 2nd period - Jonathan Marchessault wins face-off versus Henrik Samuelsson in Wolfpack zone.
11:00 of 2nd period - Stefan Elliott is hit by David Pope and loses puck.
12:12 of 2nd period - Snap shot by Jared McCann.
12:12 of 2nd period - Shot Blocked by Joshua Jacobs.
12:43 of 2nd period - Dmitrij Jaskin is hit by Maxime Sauvé.
13:28 of 2nd period - Slapshot by David Pope.
13:28 of 2nd period - Shot Misses the Net.
14:22 of 2nd period - Snap shot by Drake Caggiula.
14:22 of 2nd period - Shot Misses the Net.
14:24 of 2nd period - Snap shot by Nick Cousins.
14:24 of 2nd period - Stopped by Mike Condon with a rebound.
14:26 of 2nd period - Wrist shot by Joseph Blandisi.
14:26 of 2nd period - Shot Misses the Net.
14:49 of 2nd period - Double Minor Penalty to Jonathan Racine for Roughing.
14:50 of 2nd period - Daniel Carr wins face-off versus Henrik Samuelsson in Eagles zone.
15:24 of 2nd period - Snap shot by Maxime Sauvé.
15:24 of 2nd period - Stopped by Marek Mazanek without a rebound.
15:25 of 2nd period - Daniel Carr wins face-off versus Maxime Sauvé in Eagles zone.
16:00 of 2nd period - Mikhail Sergachev is hit by John Ramage and loses puck.
16:44 of 2nd period - Henrik Samuelsson is hit by Jarred Tinordi.
17:39 of 2nd period - Wrist shot by Dmitrij Jaskin.
17:39 of 2nd period - Stopped by Mike Condon with a rebound.
17:59 of 2nd period - Slapshot by Mikhail Sergachev.
17:59 of 2nd period - Stopped by Marek Mazanek with a rebound.
18:01 of 2nd period - Wrist shot by Connor Chatam.
18:01 of 2nd period - Shot Misses the Net.
18:03 of 2nd period - Slapshot by Mikhail Sergachev.
18:03 of 2nd period - Goal by Mikhail Sergachev - Eagles : 1 - Wolfpack : 4.
18:03 of 2nd period - Antoine Bibeau enters game.
18:04 of 2nd period - Seth Griffith wins face-off versus Drake Caggiula in neutral zone.
18:09 of 2nd period - Wrist shot by Seth Griffith.
18:09 of 2nd period - Stopped by Antoine Bibeau with a rebound.
18:37 of 2nd period - Wrist shot by Seth Griffith.
18:37 of 2nd period - Deflect By Jonathan Marchessault.
18:37 of 2nd period - Stopped by Antoine Bibeau without a rebound.
18:38 of 2nd period - Jonathan Marchessault wins face-off versus Maxime Sauvé in Eagles zone.
18:42 of 2nd period - Off-side.
18:43 of 2nd period - Maxime Sauvé wins face-off versus Jonathan Marchessault in neutral zone.
18:50 of 2nd period - Snap shot by Jonathan Marchessault.
18:50 of 2nd period - Stopped by Mike Condon without a rebound.
18:51 of 2nd period - Maxime Sauvé wins face-off versus Jonathan Marchessault in Wolfpack zone.
19:00 of 2nd period - Slapshot by Jonathan Marchessault.
19:00 of 2nd period - Shot Misses the Net.
19:16 of 2nd period - Steven Santini is hit by Stefan Elliott and loses puck.
Goals for this period are 0 for Eagles vs 2 for Wolfpack.
Shots for this period are 8 for Eagles vs 6 for Wolfpack.
3rd period
0:01 of 3rd period - Dave Dziurzynski wins face-off versus Daniel Carr in neutral zone.
0:01 of 3rd period - Dave Dziurzynski is hit by Daniel Carr.
0:11 of 3rd period - Wrist shot by Dave Dziurzynski.
0:11 of 3rd period - Stopped by Antoine Bibeau with a rebound.
0:25 of 3rd period - Sebastian Collberg is hit by Stefan Elliott and loses puck.
0:35 of 3rd period - Icing by Vince Dunn.
0:36 of 3rd period - Jonathan Marchessault wins face-off versus Henrik Samuelsson in Wolfpack zone.
0:57 of 3rd period - Minor Penalty to Steven Santini for Holding.
0:58 of 3rd period - Maxime Sauvé wins face-off versus Jonathan Marchessault in Wolfpack zone.
1:09 of 3rd period - Slapshot by Stefan Elliott.
1:09 of 3rd period - Shot Misses the Net.
1:11 of 3rd period - Snap shot by Dmitrij Jaskin.
1:11 of 3rd period - Goal by Dmitrij Jaskin - Eagles : 2 - Wolfpack : 4.
1:12 of 3rd period - Jonathan Marchessault wins face-off versus Dave Dziurzynski in neutral zone.
1:37 of 3rd period - Nick Cousins is hit by Steven Santini and loses puck.
1:56 of 3rd period - Steven Santini is hit by Michael Dal Colle and loses puck.
2:02 of 3rd period - Minor Penalty to Steven Santini for Slashing.
2:03 of 3rd period - Maxime Sauvé wins face-off versus Jonathan Marchessault in Wolfpack zone.
2:07 of 3rd period - Slapshot by Ryan Culkin.
2:07 of 3rd period - Deflect By Daniel Carr.
2:07 of 3rd period - Goal by Ryan Culkin - Eagles : 2 - Wolfpack : 5.
2:08 of 3rd period - Jonathan Marchessault wins face-off versus Maxime Sauvé in neutral zone.
2:41 of 3rd period - Wrist shot by Nick Cousins.
2:41 of 3rd period - Stopped by Mike Condon with a rebound.
2:43 of 3rd period - Snap shot by Joseph Blandisi.
2:43 of 3rd period - Shot Misses the Net.
2:45 of 3rd period - Slapshot by Jarred Tinordi.
2:45 of 3rd period - Deflect By Nick Cousins.
2:45 of 3rd period - Stopped by Mike Condon with a rebound.
2:47 of 3rd period - Slapshot by Joseph Blandisi.
2:47 of 3rd period - Goal by Joseph Blandisi - Eagles : 3 - Wolfpack : 5.
2:48 of 3rd period - Daniel Carr wins face-off versus Maxime Sauvé in neutral zone.
2:57 of 3rd period - Snap shot by Dave Dziurzynski.
2:57 of 3rd period - Shot Misses the Net.
2:59 of 3rd period - Slapshot by Dave Dziurzynski.
2:59 of 3rd period - Wolfpack goal is going for a video replay.
2:59 of 3rd period - The goal is good.
2:59 of 3rd period - Goal by Dave Dziurzynski - Eagles : 3 - Wolfpack : 6.
3:00 of 3rd period - Maxime Sauvé wins face-off versus Jonathan Marchessault in neutral zone.
3:26 of 3rd period - Icing by Jonathan Marchessault.
3:27 of 3rd period - Sebastian Collberg wins face-off versus Drake Caggiula in Eagles zone.
3:36 of 3rd period - Slapshot by Henrik Samuelsson.
3:36 of 3rd period - Stopped by Antoine Bibeau with a rebound.
3:38 of 3rd period - Wrist shot by Ryan Dzingel.
3:38 of 3rd period - Shot Misses the Net.
3:40 of 3rd period - Slapshot by Sebastian Collberg.
3:40 of 3rd period - Shot Blocked by Ryan Murphy.
3:42 of 3rd period - Slapshot by Ryan Dzingel.
3:42 of 3rd period - Shot Misses the Net.
3:51 of 3rd period - Off-side.
3:52 of 3rd period - Jonathan Marchessault wins face-off versus Maxime Sauvé in neutral zone.
4:19 of 3rd period - Snap shot by Nick Cousins.
4:19 of 3rd period - Shot Blocked by Vince Dunn.
4:45 of 3rd period - Wrist shot by Seth Griffith.
4:45 of 3rd period - Deflect By Anthony Duclair.
4:45 of 3rd period - Goal by Seth Griffith - Eagles : 3 - Wolfpack : 7.
4:46 of 3rd period - Jonathan Marchessault wins face-off versus Maxime Sauvé in neutral zone.
4:48 of 3rd period - Minor Penalty to Jonathan Marchessault for Holding.
4:49 of 3rd period - Daniel Carr wins face-off versus Maxime Sauvé in Eagles zone.
6:25 of 3rd period - Minor Penalty to Steven Santini for Hooking.
6:26 of 3rd period - Maxime Sauvé wins face-off versus Daniel Carr in Wolfpack zone.
6:31 of 3rd period - Wrist shot by Maxime Sauvé.
6:31 of 3rd period - Deflect By Jarred Tinordi.
6:31 of 3rd period - Shot Blocked by Jarred Tinordi.
6:31 of 3rd period - Puck is out of play.
6:32 of 3rd period - Dave Dziurzynski wins face-off versus Daniel Carr in Eagles zone.
6:35 of 3rd period - Wrist shot by Maxime Sauvé.
6:35 of 3rd period - Deflect By Dave Dziurzynski.
6:35 of 3rd period - Shot Blocked by Daniel Carr.
6:35 of 3rd period - Puck is out of play.
6:36 of 3rd period - Maxime Sauvé wins face-off versus Daniel Carr in Eagles zone.
6:43 of 3rd period - Wrist shot by Dave Dziurzynski.
6:43 of 3rd period - Stopped by Antoine Bibeau without a rebound.
6:44 of 3rd period - Maxime Sauvé wins face-off versus Daniel Carr in Eagles zone.
6:48 of 3rd period - Penalty to Jonathan Marchessault is over, Jonathan Marchessault is back on ice.
7:13 of 3rd period - Wrist shot by Drake Caggiula.
7:13 of 3rd period - Shot Misses the Net.
7:15 of 3rd period - Wrist shot by Drake Caggiula.
7:15 of 3rd period - Deflect By Stefan Noesen.
7:15 of 3rd period - Shot Misses the Net.
7:15 of 3rd period - Puck is out of play.
7:16 of 3rd period - Stefan Noesen wins face-off versus Drake Caggiula in Wolfpack zone.
7:30 of 3rd period - Minor Penalty to Drake Caggiula for Hooking.
7:31 of 3rd period - Daniel Carr wins face-off versus Maxime Sauvé in Eagles zone.
7:39 of 3rd period - Snap shot by Jonathan Marchessault.
7:39 of 3rd period - Shot Blocked by Colton White.
8:03 of 3rd period - Maxime Sauvé is hit by Daniel Carr and loses puck.
8:25 of 3rd period - Penalty to Steven Santini is over, Steven Santini is back on ice.
9:24 of 3rd period - Wrist shot by Henrik Samuelsson.
9:24 of 3rd period - Shot Blocked by Anthony Duclair.
9:26 of 3rd period - Snap shot by Henrik Samuelsson.
9:26 of 3rd period - Shot Misses the Net.
9:28 of 3rd period - Snap shot by Henrik Samuelsson.
9:28 of 3rd period - Shot Misses the Net.
9:30 of 3rd period - Penalty to Drake Caggiula is over, Drake Caggiula is back on ice.
9:30 of 3rd period - Slapshot by Steven Santini.
9:30 of 3rd period - Shot Misses the Net.
9:32 of 3rd period - Slapshot by Colton White.
9:32 of 3rd period - Stopped by Antoine Bibeau with a rebound.
9:34 of 3rd period - Snap shot by Henrik Samuelsson.
9:34 of 3rd period - Stopped by Antoine Bibeau with a rebound.
9:36 of 3rd period - Slapshot by Vince Dunn.
9:36 of 3rd period - Deflect By Henrik Samuelsson.
9:36 of 3rd period - Shot Misses the Net.
9:36 of 3rd period - Puck is out of play.
9:37 of 3rd period - Jared McCann wins face-off versus Seth Griffith in Eagles zone.
10:15 of 3rd period - Snap shot by Jared McCann.
10:15 of 3rd period - Deflect By Chris Calhan.
10:15 of 3rd period - Stopped by Mike Condon with a rebound.
10:17 of 3rd period - Slapshot by Stefan Elliott.
10:17 of 3rd period - Stopped by Mike Condon with a rebound.
10:19 of 3rd period - Snap shot by Jarred Tinordi.
10:19 of 3rd period - Stopped by Mike Condon without a rebound.
10:20 of 3rd period - Seth Griffith wins face-off versus Jonathan Marchessault in Wolfpack zone.
10:49 of 3rd period - Slapshot by Daniel Carr.
10:49 of 3rd period - Shot Misses the Net.
10:51 of 3rd period - Slapshot by Ryan Murphy.
10:51 of 3rd period - Deflect By Ryan Culkin.
10:51 of 3rd period - Stopped by Mike Condon with a rebound.
11:12 of 3rd period - Minor Penalty to Samuel Blais for High sticking.
11:13 of 3rd period - Drake Caggiula wins face-off versus Maxime Sauvé in Wolfpack zone.
12:48 of 3rd period - Vince Dunn is hit by Jarred Tinordi and loses puck.
13:03 of 3rd period - Vince Dunn is hit by Stefan Elliott and loses puck.
13:12 of 3rd period - Penalty to Samuel Blais is over, Samuel Blais is back on ice.
13:43 of 3rd period - Slapshot by Ryan Murphy.
13:43 of 3rd period - Stopped by Mike Condon with a rebound.
13:45 of 3rd period - Slapshot by John Ramage.
13:45 of 3rd period - Shot Blocked by Colton White.
13:47 of 3rd period - Slapshot by Jared McCann.
13:47 of 3rd period - Goal by Jared McCann - Eagles : 4 - Wolfpack : 7.
13:48 of 3rd period - Jonathan Marchessault wins face-off versus Henrik Samuelsson in neutral zone.
13:55 of 3rd period - Snap shot by Dmitrij Jaskin.
13:55 of 3rd period - Stopped by Mike Condon without a rebound.
13:56 of 3rd period - Henrik Samuelsson wins face-off versus Jonathan Marchessault in Wolfpack zone.
14:01 of 3rd period - Snap shot by Daniel Carr.
14:01 of 3rd period - Shot Misses the Net.
14:49 of 3rd period - Slapshot by Daniel Carr.
14:49 of 3rd period - Shot Blocked by Stefan Noesen.
15:11 of 3rd period - Snap shot by Steven Santini.
15:11 of 3rd period - Stopped by Antoine Bibeau without a rebound.
15:12 of 3rd period - Henrik Samuelsson wins face-off versus Drake Caggiula in Eagles zone.
15:43 of 3rd period - Wrist shot by Zach Aston-Reese.
15:43 of 3rd period - Stopped by Mike Condon with a rebound.
15:47 of 3rd period - Snap shot by Anthony Duclair.
15:47 of 3rd period - Stopped by Mike Condon without a rebound.
15:48 of 3rd period - Henrik Samuelsson wins face-off versus Drake Caggiula in Wolfpack zone.
15:48 of 3rd period - Henrik Samuelsson is hit by Drake Caggiula.
15:58 of 3rd period - Backhand shot by Ryan Dzingel.
15:58 of 3rd period - Stopped by Antoine Bibeau with a rebound.
16:00 of 3rd period - Snap shot by Sebastian Collberg.
16:00 of 3rd period - Stopped by Antoine Bibeau with a rebound.
16:02 of 3rd period - Wrist shot by Sebastian Collberg.
16:02 of 3rd period - Stopped by Antoine Bibeau with a rebound.
16:04 of 3rd period - Wrist shot by Ryan Dzingel.
16:04 of 3rd period - Stopped by Antoine Bibeau with a rebound.
16:20 of 3rd period - Slapshot by Xavier Ouellet.
16:20 of 3rd period - Shot Misses the Net.
16:23 of 3rd period - Icing by Stefan Noesen.
16:24 of 3rd period - Maxime Sauvé wins face-off versus Jared McCann in Wolfpack zone.
16:31 of 3rd period - Snap shot by Dave Dziurzynski.
16:31 of 3rd period - Deflect By Stefan Noesen.
16:31 of 3rd period - Shot Misses the Net.
16:31 of 3rd period - Puck is out of play.
16:32 of 3rd period - Maxime Sauvé wins face-off versus Jared McCann in Eagles zone.
16:33 of 3rd period - Wrist shot by Stefan Noesen.
16:33 of 3rd period - Stopped by Antoine Bibeau without a rebound.
16:34 of 3rd period - Maxime Sauvé wins face-off versus Jared McCann in Eagles zone.
16:48 of 3rd period - Wrist shot by Stefan Elliott.
16:48 of 3rd period - Shot Blocked by Vince Dunn.
17:12 of 3rd period - Slapshot by Jonathan Marchessault.
17:12 of 3rd period - Shot Misses the Net.
17:51 of 3rd period - Slapshot by Anthony Duclair.
17:51 of 3rd period - Stopped by Mike Condon with a rebound.
17:53 of 3rd period - Slapshot by John Ramage.
17:53 of 3rd period - Shot Blocked by Joshua Jacobs.
18:21 of 3rd period - Maxime Sauvé is hit by Connor Carrick and loses puck.
18:35 of 3rd period - Chris Calhan is hit by David Pope and loses puck.
18:57 of 3rd period - Slapshot by Jarred Tinordi.
18:57 of 3rd period - Deflect By Zach Aston-Reese.
18:57 of 3rd period - Stopped by Mike Condon without a rebound.
18:58 of 3rd period - Henrik Samuelsson wins face-off versus Zach Aston-Reese in Wolfpack zone.
19:23 of 3rd period - Will Borgen is hit by Daniel Carr and loses puck.
19:42 of 3rd period - Snap shot by Seth Griffith.
19:42 of 3rd period - Shot Misses the Net.
19:44 of 3rd period - Slapshot by David Pope.
19:44 of 3rd period - Shot Blocked by John Ramage.
19:46 of 3rd period - Wrist shot by Steven Santini.
19:46 of 3rd period - Deflect By David Pope.
19:46 of 3rd period - Shot Blocked by John Ramage.
19:46 of 3rd period - Puck is out of play.
19:47 of 3rd period - Maxime Sauvé wins face-off versus Drake Caggiula in Eagles zone.
Goals for this period are 3 for Eagles vs 3 for Wolfpack.
Shots for this period are 15 for Eagles vs 14 for Wolfpack.
Output by the SimonT Hockey Simulator (STHS) for Francois Prevost